 Dungeon Crawl Stone Soup version 0.27-a0-1308-gc08437e49b (webtiles) character file.

Game seed: 480123229540868812

32 lessens the Sneak (level 2, 0/25 HPs)
             Began as a Demigod Delver on June 19, 2021.
             Slain by a jackal (1 damage)
             ... on level 5 of the Dungeon.
             The game lasted 00:01:05 (246 turns).

lessens the Sneak (Demigod Delver)                   Turns: 246, Time: 00:01:06

Health: 0/25       AC:  3    Str: 13    XL:     2   Next: 96%
Magic:  4/4        EV: 11    Int: 12    God:
Gold:   31         SH:  0    Dex: 15    Spells: 1/1 levels left

rFire    . . .     SeeInvis .   a - +0 hand axe
rCold    . . .     Faith    .   (no shield)
rNeg     . . .     Spirit   .   b - +0 leather armour
rPois    .         Reflect  .   (no helmet)
rElec    .         Harm     .   (no cloak)
rCorr    .         Rampage  .   (no gloves)
Will     .....                  (no boots)
Stlth    +++.......             (no amulet)
HPRegen  0.08/turn              (no ring)
MPRegen  0.09/turn              (no ring)

@: hasted, very quick
A: high mp 1, forlorn
a: no special abilities


You were on level 5 of the Dungeon.
You visited 1 branch of the dungeon, and saw 1 of its levels.

You collected 31 gold pieces.

Inventory:

Hand Weapons
 a - a +0 hand axe (weapon)
Missiles
 h - 25 stones (quivered)
Armour
 b - a +0 leather armour (worn)
Wands
 g - a wand of digging (3)
Scrolls
 c - a scroll of fog
 d - a scroll of magic mapping
 e - a scroll of fear
Potions
 j - a potion of heal wounds {unknown}
 k - a potion of attraction {unknown}


   Skills:
 - Level 2.6 Fighting
 + Level 3.3 Axes
 - Level 1.7 Dodging
 - Level 4.5 Stealth


You had one spell level left.
You didn't know any spells.
Your spell library was empty.

Dungeon Overview and Level Annotations

Branches:
Dungeon (5/15)
 Temple: D:4-7

Annotations:
D:5 Sigmund


Innate Abilities, Weirdness & Mutations

Your attributes grow dramatically as you level up.
You have an increased reservoir of magic. (+10% MP)
You shall have no god before yourself.


Message History

You hit the hound.
The hound is severely wounded.
The hound bites you.
You closely miss the hound.
The hound is severely wounded.
The hound bites you.
You hit the hound.
The hound is almost dead.
The hound bites you.
* * * LOW HITPOINT WARNING * * *
The hound barely misses you.
You barely miss the hound.
The hound is almost dead.
The hound misses you.
You hit the hound.
You kill the hound!
Your Axes skill gained 2 levels and is now at level 3!
You have reached level 2!
You barely miss the jackal. The jackal barely misses you.
You hit the jackal.
The jackal is severely wounded.
You hit the jackal but do no damage.
The jackal is severely wounded.
You hit the jackal but do no damage.
The jackal is severely wounded.
The jackal bites you.
* * * LOW HITPOINT WARNING * * *
You hit the jackal.
You kill the jackal!
You hit the jackal.
The jackal is moderately wounded.
The jackal bites you but does no damage.
You hit the jackal.
The jackal is severely wounded.
The jackal barely misses you. The jackal bites you.
* * * LOW HITPOINT WARNING * * *
You closely miss the jackal.
The jackal is severely wounded.
The jackal bites you.
You die...

. ...# #..# ..# ..#h#...
.......#
.#.#..##.##..#...## #.
....$.....>.....h.
#..#.#..##.##..#...##
#..#.#(.##.##.......h
#........#.##h.#
#..#.#..##.##h## #
#..#.#..##.##@##..###
#....................
#..#.#..##.##.##.....
####..#.#..##.##... ....
.................##.####
####..#....##.#### .. #
##.#.#....... ## #
#.#.#........ #
#.#.#........


You could see 2 jackals.

Vanquished Creatures
  A hound (D:5)
  A jackal (D:5)
2 creatures vanquished.

Notes
Turn   | Place    | Note
-------+----------+-------------------------------------------
     0 | D:5      | lessens the Demigod Delver began the quest for the Orb.
     0 | D:5      | Reached XP level 1. HP: 18/18 MP: 3/3
    44 | D:5      | Noticed Sigmund
    94 | D:5      | Noticed a necrophage
   204 | D:5      | Noticed a hound
   217 | D:5      | Noticed a hound
   238 | D:5      | Killed a hound
   239 | D:5      | Reached XP level 2. HP: 5/25 MP: 4/4
   245 | D:5      | HP: 1/25 [jackal (3)]
   246 | D:5      | Slain by a jackal

Illustrated notes

Levels and vault maps discovered:
D:5:      layout_basic, uniq_sigmund

Skill      XL: |  1 |
---------------+----+-----
Axes           | 3 |  3.3
Fighting       | |  2.6
Dodging        | |  1.7
Stealth        | |  4.5

Action                   || total
-------------------------++-------
Melee: Hand axe          ||    24
  Use: Potion            ||     2
Armor: Leather armour    ||     5
Dodge: Dodged            ||    15

Table legend: (Time is in decaauts)
 A = Elapsed time spent in this place.
 B = Non-inter-level travel time spent in this place.
 C = Inter-level travel time spent in this place.
 D = Time resting spent in this place.
 E = Time spent auto-exploring this place.
 F = Levels seen in this place.
 G = Mean time per level.
                   A        B        C        D        E       F      G
               +--------+--------+--------+--------+--------+-----+--------+
         Total |    243 |    222 |     21 |      0 |     43 |   1 |  243.0 |
       Dungeon |    243 |    222 |     21 |      0 |     43 |   1 |  243.0 |
               +--------+--------+--------+--------+--------+-----+--------+

Top non-repeatable levels by time:
     D:5: 243 daAuts
